 Dungeon Sprint DCSS version 0.26-a0-660-gc07710193c (webtiles) character file.

Game seed: 9841175875341494667

37 mhtbhm the Skirmisher (level 3, -7/54 HPs)
             Began as a Minotaur Fighter on Oct 6, 2020.
             Was a Follower of Trog.
             Mangled by a deep troll (9 damage)
             ... in the Dungeon (Sprint VII: "The Pits").
             The game lasted 00:00:35 (288 turns).

mhtbhm the Skirmisher (Minotaur Fighter)             Turns: 288, Time: 00:00:35

Health: -7/54      AC:  7    Str: 21    XL:     3   Next: 21%
Magic:  2/2        EV:  7    Int:  5    God:    Trog [*.....]
Gold:   0          SH:  0    Dex:  9    Spells: 2/2 levels left

rFire    . . .     SeeInvis .   a - +0 war axe
rCold    . . .     Faith    .   c - +0 kite shield
rNeg     . . .     Spirit   .   b - +0 scale mail
rPois    .         Reflect  .   (helmet restricted)
rElec    .         Harm     .   (no cloak)
rCorr    .         Rampage  .   (no gloves)
MR       .....     NoTele   +   (no boots)
Stlth    ..........             (no amulet)
HPRegen  0.18/turn              (no ring)
MPRegen  0.08/turn              (no ring)

@: confused, berserking, vulnerable, very quick
A: retaliatory headbutt, horns 2
a: Berserk, Renounce Religion


You were in the Dungeon.
You worshipped Trog.
Trog was aware of your devotion.
You visited 1 branch

Inventory:

Hand Weapons
 a - a +0 war axe (weapon)
Armour
 b - a +0 scale mail (worn)
 c - a +0 kite shield (worn)
Scrolls
 j - a scroll of blinking
 l - 3 scrolls of remove curse
 m - a scroll of summoning
Potions
 d - a potion of might
 e - a potion of curing
 f - a potion of heal wounds
 g - a potion of haste
 h - 4 potions of magic
 i - 3 potions of berserk rage
 k - 2 potions of invisibility


   Skills:
 + Level 5.5 Fighting
 + Level 3.5 Axes
 + Level 5.4 Armour
 + Level 5.5 Shields


You had 2 spell levels left.
You didn't know any spells.
Your spell library was empty.

Dungeon Overview and Level Annotations

Branches:
Dungeon (1/1)

Altars:
Cheibriados
Dithmenos
Elyvilon
Fedhas
Gozag
Hepliaklqana
Makhleb
Nemelex Xobeh
Okawaru
Qazlal
Ru
Sif Muna
Trog
Vehumet
Wu Jian
Xom
Yredelemnul
Zin
The Shining One
Beogh
Jiyva
Lugonu

Annotations:
D Sigmund


Innate Abilities, Weirdness & Mutations

You reflexively headbutt those who attack you in melee.
You have a pair of horns on your head.


Message History

You are too injured to fight recklessly!
You are too injured to fight recklessly!
You are too injured to fight recklessly!
You are too injured to fight recklessly!
You are too injured to fight recklessly!
You hit the phantasmal warrior.
The phantasmal warrior is lightly damaged.
The phantasmal warrior hits you!
* * * LOW HITPOINT WARNING * * *
Your magical defenses are stripped away!
You barely miss the phantasmal warrior.
The phantasmal warrior is lightly damaged.
You closely miss the deep troll. Sigmund casts a spell at you.
You are confused.
The deep troll bites you but does no damage.
The deep troll claws you!
* * * LOW HITPOINT WARNING * * *
The deep troll claws you!
You die...

....รท................+
#####......#..#......#
# #................# #
####'#####''###### #
#.......##''# #
#.......##..## #
#.......##...## #
#...<...###...##+##.
#.......# ##@W......
#.......# #.T###+###
#.......##@s##
##########.. #.. ##. ##


You could see a deep troll, a phantasmal warrior, Sigmund and a tarantella.

Vanquished Creatures
  A worker ant (D)
  An adder (D)
  An orc (D)
  A giant cockroach (D)
  A rat (D)
5 creatures vanquished.

Notes
Turn   | Place    | Note
-------+----------+-------------------------------------------
     0 | D        | mhtbhm the Minotaur Fighter began the quest for the Orb.
     0 | D        | Reached XP level 1. HP: 19/19 MP: 0/0
    11 | D        | Reached XP level 2. HP: 28/28 MP: 1/1
    18 | D        | Found a bloodstained altar of Trog.
    18 | D        | Found a shimmering blue altar of Sif Muna.
    18 | D        | Found a viscous altar of Jiyva.
    18 | D        | Found a hazy altar of Hepliaklqana.
    18 | D        | Found an opulent altar of Gozag.
    19 | D        | Found a glowing golden altar of the Shining One.
    19 | D        | Found a glowing silver altar of Zin.
    19 | D        | Found a basalt altar of Yredelemnul.
    19 | D        | Found a shimmering altar of Xom.
    19 | D        | Found an ornate altar of the Wu Jian Council.
    19 | D        | Found a sacrificial altar of Ru.
    19 | D        | Found a stormy altar of Qazlal.
    19 | D        | Found an iron altar of Okawaru.
    19 | D        | Found a sparkling altar of Nemelex Xobeh.
    19 | D        | Found a burning altar of Makhleb.
    19 | D        | Found a blossoming altar of Fedhas.
    19 | D        | Found a white marble altar of Elyvilon.
    19 | D        | Found a shadowy altar of Dithmenos.
    19 | D        | Found a snail-covered altar of Cheibriados.
    21 | D        | Found a radiant altar of Vehumet.
    21 | D        | Found a corrupted altar of Lugonu.
    21 | D        | Found a roughly hewn altar of Beogh.
    23 | D        | Became a worshipper of Trog the Wrathful
    90 | D        | Reached skill level 5 in Fighting
    90 | D        | Reached skill level 5 in Armour
    90 | D        | Reached skill level 5 in Shields
    90 | D        | Reached XP level 3. HP: 36/36 MP: 2/2
    99 | D        | Reached * piety under Trog
   284 | D        | Noticed a phantasmal warrior
   284 | D        | Noticed Sigmund
   284 | D        | Noticed a deep troll
   285 | D        | Noticed a tarantella
   288 | D        | HP: 2/54 [deep troll (9)]
   288 | D        | Mangled by a deep troll

Illustrated notes

Levels and vault maps discovered:
D:        pitsprint [storerooms_1, entrance_room_1, metal_vault_5, armoury_3,
          mini_pit_1, grid_room_1, main_hall_1, silver_pit, the_coven_3,
          the_vestibule_1, steel_vault_4, golden_pit, hallway_of_sentries,
          crystal_vault_4, iron_vault_4, final_vault]

Skill      XL: |  1  2 |
---------------+-------+-----
Fighting       | 4 5 |  5.5
Armour         | 4 5 |  5.4
Shields        | 4 5 |  5.5
Axes           | 3 |  3.5

Action                   || total
-------------------------++-------
Melee: War axe           ||    12
       Headbutt          ||     2
Invok: Berserk           ||     1
Armor: Scale mail        ||     5
Dodge: Dodged            ||     4
Block: Kite shield       ||     5

Table legend: (Time is in decaauts)
 A = Elapsed time spent in this place.
 B = Non-inter-level travel time spent in this place.
 C = Inter-level travel time spent in this place.
 D = Time resting spent in this place.
 E = Time spent auto-exploring this place.
 F = Levels seen in this place.
 G = Mean time per level.
                   A        B        C        D        E       F      G
               +--------+--------+--------+--------+--------+-----+--------+
         Total |    292 |    292 |      0 |    144 |      0 |   1 |  292.0 |
       Dungeon |    292 |    292 |      0 |    144 |      0 |   1 |  292.0 |
               +--------+--------+--------+--------+--------+-----+--------+

Top non-repeatable levels by time:
       D: 292 daAuts
